 Dungeon Crawl Stone Soup version 0.22-a0-558-gc224181 (webtiles) character file.

0 Amnesiac the Magician (level 1, -1/13 HPs)
             Began as a Mummy Enchanter on June 27, 2018.
             Slain by a howler monkey (4 damage)
             ... on level 4 of the Dungeon.
             The game lasted 00:01:03 (156 turns).

Amnesiac the Magician (Mummy Enchanter)              Turns: 156, Time: 00:01:03

Health: -1/13      AC:  2    Str:  9    XL:     1   Next: 8%
Magic:  3/4        EV: 12    Int: 14    God:
Gold:   7          SH:  0    Dex: 12    Spells: 4/5 levels left

rFire    x . .     SeeInvis .   a - +1 dagger
rCold    + . .     Gourm    .   (no shield)
rNeg     + + +     Faith    .   b - +0 robe
rPois    ∞         Spirit   .   (no helmet)
rElec    .         Reflect  .   (no cloak)
rCorr    .         Harm     .   (no gloves)
MR       .....                  (no boots)
Stlth    ++........             (no amulet)
HPRegen  0.04/turn              d - -2 ring of strength (curse)
MPRegen  0.09/turn              (no ring)

@: no status effects
A: no food or potions, fire vulnerability, cold resistance 1, negative energy
resistance 3, torment resistance, unbreathing
a: no special abilities


You were on level 4 of the Dungeon.
You were not hungry.

You visited 1 branch of the dungeon, and saw 4 of its levels.

You collected 7 gold pieces.

Inventory:

Hand Weapons
 a - a +1 dagger (weapon)
Missiles
 c - 52 stones (quivered)
Armour
 b - a +0 robe (worn)
Jewellery
 d - a cursed -2 ring of strength (left hand)


   Skills:
 + Level 0.7 Short Blades
 - Level 1.5 Dodging
 - Level 2.4 Stealth
 + Level 2.7 Spellcasting
 * Level 2.7 Hexes


You had 4 spell levels left.
You knew the following spells:

 Your Spells              Type           Power        Failure   Level  Hunger
a - Corona                Hex            #......      8%          1    N/A

Your spell library contained the following spells:

 Spells                   Type           Power        Failure   Level  Hunger
 Confuse                  Hex            #.......     22%         3    N/A
 Tukima's Dance           Hex            #.......     22%         3    N/A
 Ensorcelled Hibernation  Hex/Ice        #.....       19%         2    N/A
 Dazzling Spray           Conj/Hex       #.....       36%         3    N/A

Dungeon Overview and Level Annotations

Branches:
Dungeon (4/15)
 Temple: D:4-7

Altars:

Shops:
D:4 }


Innate Abilities, Weirdness & Mutations

You do not eat or drink.
Your flesh is vulnerable to fire.
You are immune to poison.
Your flesh is cold resistant. (rC+)
You are immune to negative energy. (rN+++)
You are immune to unholy pain and torment.
You can survive without breathing.


Message History

Found a rapier.
Found 7 gold pieces.
Found a stone staircase leading up.
You now have 7 gold pieces.
Found a glowing spear and 19 stones.
An adder comes into view.
The adder hisses angrily.
A howler monkey comes into view.
The howler monkey howls!
The howler monkey hoots and howls with incredible vigour!
You hit the howler monkey.
The howler monkey is lightly wounded.
The howler monkey misses you.
Really read
e - a scroll labeled BACOYHYTWO {!r}?
As you read the scroll labeled BACOYHYTWO {!r}, it crumbles to dust.
It is a scroll of identify.
You don't have any unidentified items.
The adder bites you. The howler monkey closely misses you.
The adder closely misses you.
Casting: Corona (safe; 8% risk of failure)
Confirm with . or Enter, or press ? or * to list all spells.
Aiming: Corona (safe; 8% risk of failure)
Press: ? - help, Shift-Dir - straight line, f - adder
Aim: an adder (chance to defeat MR: 52%)
The adder is outlined in light.
The howler monkey barely misses you. The adder closely misses you.
Unknown command.
You hit the adder.
The adder is lightly wounded.
The howler monkey misses you. The adder barely misses you.
The howler monkey completely misses you.
You hit the adder.
The adder is moderately wounded.
The adder closely misses you. The howler monkey barely misses you.
The adder bites you.
You hit the adder but do no damage.
The adder is moderately wounded.
The adder barely misses you. The howler monkey hits you.
You hit the adder.
The adder is heavily wounded.
The adder bites you.
* * * LOW HITPOINT WARNING * * *
The howler monkey hoots and howls with incredible vigour!
You hear a shout! x2
You hit the adder.
The adder is severely wounded.
The adder completely misses you. The howler monkey barely misses you.
You completely miss the adder.
The adder is severely wounded.
The adder bites you but does no damage. The howler monkey misses you.
You closely miss the adder.
The adder is severely wounded.
The adder barely misses you.
The howler monkey hoots and howls with incredible vigour!
The adder misses you.
You hear a shout!
You hear a bark!
You closely miss the adder.
The adder is severely wounded.
The howler monkey hits you but does no damage.
The adder bites you.
* * * LOW HITPOINT WARNING * * *
You closely miss the adder.
The adder is severely wounded.
The howler monkey hits you.
You die...

#....###....
#.##.###.###
#.###......## ####
#.####..)...##
#...##.............
#................##
#...####.##.#...##
#)..... #.##S##.##
#....S. #.##@# .#
#...... #.##h# #
..(.... ..##<#
...#... .....#
####... ...... ##.#
..# ###


You could see a howler monkey and an adder.

Vanquished Creatures
  A rat (D:1)
1 creature vanquished.

Notes
Turn   | Place    | Note
-------+----------+-------------------------------------------
     0 | D:1      | Amnesiac the Mummy Enchanter began the quest for the Orb.
     0 | D:1      | Reached XP level 1. HP: 13/13 MP: 4/4
   102 | D:4      | Found Bawih's Gadget Boutique.
   142 | D:4      | Noticed a howler monkey
   156 | D:4      | Slain by a howler monkey

Vault maps used:
D:1:      dpeg_arrival_lava_temple_mockup
D:2:      minitemple, chequers_ecumenical_altar_simple, glass_columns_b
D:3:      nicolae_gozag_seed_capital, serial_bayou_pond_e,
          minmay_goblin_kobold_house
D:4:      kennysheep_little_box, serial_shops, nicolae_shop_waterfront,
          first_ration, nicolae_tso_besieged_by_evil, uniq_grinder, uniq_ijyb

Action                   || total
-------------------------++-------
Melee: Dagger            ||    11
Throw: Stone             ||     1
 Cast: Corona            ||     2
  Use: Scroll            ||     1
Armor: Robe              ||     2
Dodge: Dodged            ||    16

Table legend:
 A = Spawn XP
 B = Non-spawn XP
 C = Spawn XP percentage of total XP
 D = Spawn monster count
 E = Non-spawn monster count
 F = Spawn count percentage of total count
 G = Total turns spent on level
                    A         B        C        D         E        F      G
               +---------+---------+-------+---------+---------+-------+---------
         Total |       0 |       1 |   0.0 |       0 |       1 |   0.0 |   156
               +---------+---------+-------+---------+---------+-------+---------
           D:1 |       0 |       1 |   0.0 |       0 |       1 |   0.0 |    54
               +---------+---------+-------+---------+---------+-------+---------
